 Dungeon Crawl Stone Soup version 0.31-a0-588-g14bffd4ff3 (webtiles) character file.

Game seed: 338315182842188583

22 AdnanSaban the Shield-Bearer (level 2, -2/19 HPs)
             Began as a Gargoyle Fighter on Aug 19, 2023.
             Slain by Natasha (5 damage)
             ... on level 2 of the Dungeon.
             The game lasted 00:00:49 (792 turns).

AdnanSaban the Shield-Bearer (Gargoyle Fighter)      Turns: 792, Time: 00:00:50

Health: -2/19      AC:  9    Str: 19    XL:     2   Next: 91%
Magic:  2/2        EV:  9    Int:  8    God:
Gold:   37         SH:  4    Dex:  9    Spells: 1/1 levels left

rFire   . . .        a - +0 flail
rCold   . . .        c - +0 buckler
rNeg    + . .        b - +0 scale mail
rPois   ∞            (no helmet)
rElec   +            (no cloak)
rCorr   .            (no gloves)
SInv    .            (no boots)
Will    .....        (no amulet) Stlth
                     (no ring)
HPRegen 0.23/turn    (no ring)
MPRegen 0.08/turn

%: no passive effects
@: slowed, studying Ranged Weapons, very slow
A: sickness immunity, AC +2, negative energy resistance 1, electricity
resistance, torment resistance 1, petrification resistance
a: no special abilities


You were on level 2 of the Dungeon.
You visited 1 branch of the dungeon, and saw 2 of its levels.

You collected 37 gold pieces.

Inventory:

Hand Weapons
 a - a +0 flail (weapon)
Armour
 b - a +0 scale mail (worn)
 c - a +0 buckler (worn)
Scrolls
 e - a scroll of teleportation {unknown}
 f - a scroll of brand weapon {unknown}
 g - 3 scrolls of blinking {unknown}
 i - a scroll of torment {unknown}
Potions
 d - a potion of might
 h - a potion of haste {unknown}


   Skills:
 + Level 3.5 Fighting
 + Level 2.3 Maces & Flails
 + Level 3.6 Armour
 + Level 3.6 Shields


You had one spell level left.
You didn't know any spells.
Your spell library contained the following spells:

 Spells                   Type           Power      Damage    Failure   Level
 Vhi's Electric Charge    Tloc/Air       0%         N/A       99%         3
 Arcjolt                  Conj/Air       0%         1d10      100%        5
 Maxwell's Capacitive Co  Air            0%         ∞         100%        8


Dungeon Overview and Level Annotations

Branches:
Dungeon (2/15)

Altars:

Annotations:
D:2 Natasha


Innate Abilities, Weirdness & Mutations

You are immune to sickness and miasma.
Your stone body is resilient. (AC +2)
You are immune to poison.
You resist negative energy. (rN+)
You are resistant to electric shocks. (rElec)
You are resistant to unholy torment.
You are immune to petrification.


Message History

You kill the quokka!
You barely miss the adder. The adder bites you. Natasha casts a spell at you.
The magic dart hits you. You block the adder's attack.
Natasha howls an incantation.
Natasha shimmers violently.
Natasha casts a spell.
The adder barely misses you.
You barely miss the adder. You block the adder's attack.
Natasha claws you but does no damage. The adder bites you but does no damage.
Natasha claws you.
You hit the adder.
The adder is lightly wounded.
You block the adder's attack.
The cerulean imp hits you but does no damage.
The adder bites you but does no damage. Natasha claws you.
The cerulean imp closely misses you. You block the adder's attack.
You barely miss the adder.
The adder is lightly wounded.
You block Natasha's attack. The adder bites you but does no damage.
The cerulean imp hits you but does no damage.
Natasha howls an incantation.
Natasha's front paws start to glow.
Natasha claws you but does no damage. The adder bites you.
The cerulean imp hits you but does no damage.
Natasha misses you.
You hit the adder.
The adder is severely wounded.
The adder bites you but does no damage. The cerulean imp misses you.
The adder bites you but does no damage. Natasha closely misses you.
The cerulean imp hits you but does no damage.
The adder bites you but does no damage. Natasha claws you.
* * * LOW HITPOINT WARNING * * *
You hit the adder.
The adder is almost dead.
The adder completely misses you.
The cerulean imp hits you but does no damage.
The adder bites you but does no damage. Natasha claws you.
You die...
Natasha begins licking her fur clean.

..### ..... ....
....... ...
....... #.. ##.
...$...
##..#....
.......##......
........S...#
........#@#
.......#h.##...
.......5........
.........####...
........... .
.....######..
..... ... ....
.. ... .


You could see Natasha, a cerulean imp (summoned) and an adder.

Vanquished Creatures
  3 endoplasms (D:1)
  2 goblins (D:1)
  2 hobgoblins (D:1)
  2 quokkas
  3 ball pythons (D:1)
  2 frilled lizards (D:1)
  4 kobolds (D:1)
  A rat (D:1)
19 creatures vanquished.

Notes
Turn   | Place    | Note
-------+----------+-------------------------------------------
     0 | D:1      | AdnanSaban the Gargoyle Fighter began the quest for the
                  | Orb.
     0 | D:1      | Reached XP level 1. HP: 14/14 MP: 1/1
   215 | D:1      | Reached XP level 2. HP: 19/19 MP: 2/2
   782 | D:2      | Noticed Natasha
   792 | D:2      | Slain by Natasha

Illustrated notes

Levels and vault maps discovered:
D:1:      amcnicky_arrival_abandoned_market, layout_basic
D:2:      layout_rooms, serial_shops, shop, grunt_decor_fettered,
          minmay_quadrilaterals, uniq_natasha

Action                     || total
---------------------------++-------
  Melee: Flail             ||    67
 Armour: Scale mail        ||    53
  Dodge: Dodged            ||    32
  Block: Buckler           ||     9

Table legend: (Time is in decaauts)
 A = Elapsed time spent in this place.
 B = Non-inter-level travel time spent in this place.
 C = Inter-level travel time spent in this place.
 D = Time resting spent in this place.
 E = Time spent auto-exploring this place.
 F = Levels seen in this place.
 G = Mean time per level.
                   A        B        C        D        E       F      G
               +--------+--------+--------+--------+--------+-----+--------+
         Total |    818 |    786 |     32 |      0 |    617 |   2 |  409.0 |
       Dungeon |    818 |    786 |     32 |      0 |    617 |   2 |  409.0 |
               +--------+--------+--------+--------+--------+-----+--------+

Top non-repeatable levels by time:
     D:1: 801 daAuts
     D:2: 16 daAuts
